 Dungeon Crawl Stone Soup version 0.23.0-3-gf3c87f2df8 (webtiles) character file.

Game seed: 11846836039399315881

9441 blaro the Cleaver (level 11, 0/77 HPs)
             Began as a Minotaur Fighter on Feb 22, 2019.
             Was a Believer of Trog.
             Killed from afar by a wretched star (25 damage)
             ... with an orb of energy
             ... on level 1 of the Abyss.
             The game lasted 01:02:30 (10316 turns).

blaro the Cleaver (Minotaur Fighter)               Turns: 10316, Time: 01:02:30

Health: 0/77       AC: 10    Str: 25    XL:     11   Next: 23%
Magic:  5/10       EV: 26    Int:  1    God:    Trog [**....]
Gold:   633        SH: 12    Dex:  9    Spells: 10/10 levels left

rFire    . . .     SeeInvis .   F - +4 hand axe (freeze)
rCold    . . .     Gourm    .   c - +0 shield
rNeg     . . .     Faith    .   b - +1 scale mail
rPois    +         Spirit   .   C - +2 hat
rElec    .         Reflect  .   (no cloak)
rCorr    +         Harm     .   (no gloves)
MR       .....                  h - +1 pair of boots
Stlth    ..........             k - amulet of the acrobat
HPRegen  0.00/turn              e - ring of resist corrosion
MPRegen  0.12/turn              i - ring of poison resistance

@: acrobat, very slightly contaminated
A: retaliatory headbutt, horns 2, [deformed body], [dopey 2], [frail 2],
[inhibited regeneration]
a: Berserk, Trog's Hand, Renounce Religion


You were on level 1 of the Abyss.
You worshipped Trog.
Trog was pleased with you.
You were not hungry.

You visited 2 branches of the dungeon, and saw 11 of its levels.
You visited the Abyss 1 time.
You also visited: Sewer.

You collected 633 gold pieces.

Inventory:

Hand Weapons
 a - a +1 war axe
 s - a +1 vampiric hand axe
 F - a +4 hand axe of freezing (weapon)
 J - a +4 scimitar of flaming
 L - a +4 long sword
Armour
 b - a +1 scale mail (worn)
 c - a +0 shield (worn)
 h - a +1 pair of boots (worn)
 C - a +2 hat (worn)
Jewellery
 e - a ring of resist corrosion (left hand)
 g - an uncursed ring of wizardry
 i - a ring of poison resistance (right hand)
 k - an amulet of the acrobat (around neck)
 n - an uncursed ring of protection from fire
 E - an uncursed ring of positive energy {unknown}
 G - a cursed ring of attention {unknown}
Wands
 r - a wand of flame (45)
 y - a wand of paralysis (11)
 I - a wand of acid (9)
 K - a wand of digging (5)
Scrolls
 j - 5 scrolls of teleportation
 l - 4 scrolls of enchant weapon
 m - 4 scrolls of remove curse
 o - 2 scrolls of random uselessness
 q - 6 scrolls of identify
 v - 2 scrolls of fear
 w - 2 scrolls of magic mapping
 x - 2 scrolls of enchant armour
 A - a scroll of fog {unknown}
 B - a scroll of brand weapon {unknown}
Potions
 d - 3 potions of might
 p - 6 potions of brilliance
 t - 4 potions of curing {unknown}
 u - a potion of magic {unknown}
 D - a potion of haste {unknown}
 H - 2 potions of degeneration {unknown}
Comestibles
 f - 17 rations


   Skills:
 + Level 9.2 Fighting
 + Level 13.3 Axes
 + Level 8.7 Armour
 + Level 5.4 Dodging
 + Level 1.3 Stealth
 + Level 9.9 Shields


You had 10 spell levels left.
You didn't know any spells.
Your spell library contained the following spells:

 Spells                   Type           Power        Failure   Level  Hunger
 Animate Skeleton         Necr           N/A          96%         1    ##.....
 Beastly Appendage        Tmut           #.....       96%         1    ##.....
 Confusing Touch          Hex            #.....       96%         1    ##.....
 Flame Tongue             Conj/Fire      #....        96%         1    ##.....
 Pain                     Necr           #...         96%         1    ##.....
 Sticks to Snakes         Tmut           #.......     99%         2    ###....
 Throw Flame              Conj/Fire      #.....       99%         2    ###....
 Confuse                  Hex            #.......     100%        3    ####...
 Conjure Flame            Conj/Fire      #.......     100%        3    ####...
 Gell's Gravitas          Tloc           #.........   100%        3    ####...
 Inner Flame              Hex/Fire       #.......     100%        3    ####...
 Regeneration             Chrm/Necr      #.........   100%        3    ####...
 Spider Form              Tmut/Pois      #.........   100%        3    ####...
 Vampiric Draining        Necr           #.........   100%        3    ####...
 Animate Dead             Necr           N/A          100%        4    #####..
 Ice Form                 Ice/Tmut       #.......     100%        4    #####..
 Petrify                  Tmut/Erth      #.......     100%        4    #####..
 Sticky Flame             Conj/Fire      #.......     100%        4    #####..
 Blade Hands              Tmut           #.........   100%        5    ######.
 Fireball                 Conj/Fire      #.........   100%        5    ######.
 Metabolic Englaciation   Hex/Ice        #.........   100%        5    ######.
 Yara's Violent Unravell  Hex/Tmut       #.........   100%        5    ######.


Dungeon Overview and Level Annotations

Branches:
Dungeon (10/15)            Temple (1/1) D:6
   Lair: D:8-11         Orc: D:9-12

Altars:
Ashenzari
Cheibriados
Elyvilon
Fedhas
Gozag
Kikubaaqudgha
Makhleb
Nemelex Xobeh
Sif Muna
Trog
Uskayaw
Wu Jian
Xom
Zin
The Shining One

Shops:
D:4 !   D:6 !

Annotations:
D:10 Psyche


Innate Abilities, Weirdness & Mutations

You reflexively headbutt those who attack you in melee.
You have a pair of horns on your head.
[Armour fits poorly on your strangely shaped body.]
[You are very dopey. (Int -4)]
[You are very frail. (-20% HP)]
[You do not regenerate when monsters are visible.]


Message History

You hit the wretched star.
The black draconian is no longer moving slowly.
You slash the black draconian! You freeze the black draconian.
The black draconian is severely wounded.
You hit the wretched star but do no damage.
You hit the eye of draining. You freeze the eye of draining.
The wretched star pulses with an eldritch light!
You feel frail. x2
The black draconian hits you with a +1 dire flail of holy wrath!
Blink to where?
Press: ? - help, Dir - move target cursor You are very lightly contaminated with residual magic.
As you read the scroll of blinking, it crumbles to dust.
The wretched star glows turbulently.
The orb of energy hits you.
The orb of energy explodes!
The eye of draining gazes at you.
You feel your power leaking away.
The wretched star glows turbulently.
The orb of energy hits you!!
You die...

#
...........#..
##. ......#+##
........Gd..#
#.#. .. *..# #
######'#.#
#..#.# ##
#.#### #..##.#
#..@# #
#.#..## # .
.#.## . # #.#
.#. # # . # #
.. .


You could see a black draconian, a wretched star and an eye of draining.

Vanquished Creatures
  Gastronok (D:8)
  A two-headed ogre (D:9)
  Erica (D:9)
  The ghost of YM2612 the Bolt Thrower, a novice FoHu of the Shining One (D:5)
  A troll (D:7)
  2 hippogriffs
  2 wyverns
  3 orc warriors
  A black bear (D:9)
  6 ice beasts
  2 sky beasts
  3 ogres
  2 phantoms (D:4)
  2 centaurs (D:6)
  A crocodile (D:9)
  3 big kobolds
  8 bullfrogs
  A gnoll sergeant (D:5)
  3 scorpions
  7 wights
  3 killer bees (D:8)
  2 crimson imps
  2 bullfrog zombies
  A centaur zombie (D:6)
  3 bullfrog skeletons
  A centaur skeleton (D:9)
  4 hounds
  3 jellies
  A quasit (D:8)
  6 gnoll shamans (D:5)
  6 orc priests
  An iguana (D:4)
  10 orc wizards
  10 worker ants
  A killer bee zombie (D:8)
  A hound skeleton (D:5)
  11 adders
  38 gnolls
  2 shadow imps
  16 oozes
  An adder zombie (D:6)
  An adder skeleton (D:5)
  3 worms
  A dart slug (D:1)
  17 leopard geckos
  42 orcs
  10 ball pythons
  6 bats
  17 giant cockroaches
  11 goblins
  9 hobgoblins
  18 jackals
  15 kobolds
  A quokka (D:3)
  13 frilled lizards
  A jackal skeleton (D:9)
  A leopard gecko zombie (D:6)
  A quokka skeleton (D:8)
  3 rats
344 creatures vanquished.

Vanquished Creatures (others)
  An orc wizard (D:4)
  3 fungi (D:5)
  A plant (D:5)
5 creatures vanquished.

Grand Total: 349 creatures vanquished

Notes
Turn   | Place    | Note
-------+----------+-------------------------------------------
     0 | D:1      | blaro the Minotaur Fighter began the quest for the Orb.
     0 | D:1      | Reached XP level 1. HP: 19/19 MP: 0/0
   187 | D:1      | Reached XP level 2. HP: 27/27 MP: 1/1
   769 | D:1      | Reached XP level 3. HP: 33/33 MP: 2/2
  1056 | D:2      | Reached skill level 3 in Axes
  1135 | D:2      | Noticed an ice beast
  1149 | D:2      | Killed an ice beast
  1149 | D:2      | Reached XP level 4. HP: 7/40 MP: 3/3
  1149 | D:2      | Reached XP level 5. HP: 8/46 MP: 4/4
  2409 | D:3      | Reached skill level 4 in Axes
  2584 | D:4      | Found Medum's Distillery.
  2607 | D:4      | Reached skill level 5 in Armour
  2614 | D:4      | Noticed a phantom
  2673 | D:4      | Killed a phantom
  2673 | D:4      | Reached skill level 5 in Fighting
  2673 | D:4      | Reached skill level 1 in Dodging
  2673 | D:4      | Reached skill level 5 in Shields
  2673 | D:4      | Reached XP level 6. HP: 46/56 MP: 5/5
  2992 | D:4      | Reached skill level 5 in Axes
  3021 | D:4      | Reached XP level 7. HP: 61/61 MP: 6/6
  3165 | D:4      | Reached skill level 6 in Axes
  3831 | D:5      | Entered Level 5 of the Dungeon
  4000 | D:5      | Found a glowing drain.
  4049 | Sewer    | Entered a sewer
  4192 | Sewer    | Reached XP level 8. HP: 70/70 MP: 7/7
  4311 | Sewer    | Reached skill level 7 in Axes
  4865 | D:5      | Reached skill level 8 in Axes
  4869 | D:5      | Found a runed translucent gate.
  4869 | D:5      | Found a runed translucent gate.
  4869 | D:5      | Found a runed translucent gate.
  4881 | D:5      | Noticed YM2612's ghost (novice FoHu)
  5467 | D:5      | Reached XP level 9. HP: 45/79 MP: 8/8
  5808 | D:5      | Killed YM2612's ghost
  5808 | D:5      | Reached skill level 9 in Axes
  5878 | D:6      | Found Xuilalikk's Distillery.
  6017 | D:6      | Reached skill level 10 in Axes
  6057 | D:6      | Found a staircase to the Ecumenical Temple.
  6063 | Temple   | Entered the Ecumenical Temple
  6127 | Temple   | Became a worshipper of Trog the Wrathful
  6395 | D:6      | Identified the cursed +1 leather armour of Instinct {rF+
                  | Regen+}
  6559 | D:6      | Reached skill level 11 in Axes
  7146 | D:7      | Reached XP level 10. HP: 77/88 MP: 9/9
  7406 | D:7      | Reached * piety under Trog
  7800 | D:8      | Noticed Gastronok
  7815 | D:8      | Killed Gastronok
  7815 | D:8      | Reached skill level 12 in Axes
  8217 | D:8      | Found an ornate altar of the Wu Jian Council.
  8589 | D:8      | Reached skill level 5 in Dodging
  8613 | D:8      | Found a shattered altar of Ashenzari.
  8736 | D:8      | Reached skill level 13 in Axes
  9149 | D:9      | Reached ** piety under Trog
  9248 | D:9      | Reached XP level 11. HP: 73/95 MP: 10/10
  9409 | D:9      | Noticed Erica
  9422 | D:9      | Killed Erica
  9422 | D:9      | Reached skill level 1 in Stealth
  9632 | D:9      | Noticed a two-headed ogre
  9649 | D:9      | Killed a two-headed ogre
 10178 | D:10     | Entered Level 10 of the Dungeon
 10178 | D:10     | Noticed Psyche
 10183 | D:10     | Cast into level 1 of the Abyss (Psyche)
 10292 | Abyss:1  | Noticed a black draconian
 10300 | Abyss:1  | Noticed a wretched star
 10316 | Abyss:1  | Killed from afar by a wretched star

Skill      XL: |  1  2  3  4  5  6  7  8  9 10 11 |
---------------+----------------------------------+-----
Armour         | 4 5 6 7 8 |  8.7
Shields        | 4 5 6 7 8 9 |  9.9
Axes           | 3 4 5 6 8 11 13 | 13.3
Fighting       | 4 5 6 7 8 9 |  9.2
Dodging        | 1 2 3 4 5 |  5.4
Stealth        | 1 |  1.3

Action                   |  1- 3 |  4- 6 |  7- 9 | 10-12 || total
-------------------------+-------+-------+-------+-------++-------
Melee: War axe           |    58 |   130 |   523 |   128 ||   839
       Headbutt          |     7 |    23 |    83 |    39 ||   152
       Hand axe          |       |       |       |    95 ||    95
  Use: Scroll            |     8 |     5 |     4 |     1 ||    18
       Potion            |       |       |     1 |       ||     1
  Eat: Ration            |       |     2 |     4 |     4 ||    10
Armor: Scale mail        |    37 |    33 |   174 |    45 ||   289
Dodge: Dodged            |    24 |    58 |   256 |   109 ||   447
Block: Shield            |    45 |    69 |   356 |   140 ||   610
